cohdb
Replays
Latest Replays
All Replays
Popular Replays
Top Player Replays
Match Explorer
How It Works
Community
CoH3 Stats
Reddit
Sign in to upload your games and track your stats! →
Sign in with Steam
Match 33399009
Unlisted
Match 33399009
Overview
Messages
Build Orders
End
Construct Infanterie Kompanie
Kettenkrad Recon Vehicle
Selects Breakthrough Battlegroup
Grenadier Squad
MG 42 Machine Gun Team
Grenadier Squad
Medical Station
Selects Assault Grenadiers
Construct Luftwaffe Kompanie
GrW 34 Mortar Team
Selects Breakthrough
Infanterie Officer Quarters
Selects Mechanized Assault Group
Mechanized Assault Group
Construct Panzergrenadier Kompanie
Selects Rapid Production
Construct Panzer Kompanie
Selects Blitzkrieg
Microsoft Office PowerPoint
Microsoft Office Excel
Microsoft Office Word
|Ass Inspector|
Plant3468
Sqwark3468
0
0
Comments
sign in to comment!
No comments posted yet!